AoeStats
← Deadpool865041

Arabia

511062070Analyzed
1v1 RM · 5h ago on Oct 3, 2026· 48m 57s· 2 players
Game mode
Random Map
Map size
Tiny (2 player)
Population
200
Speed
Normal
Resources
Standard
Victory
Conquest
Starting age
Dark Age
Ending age
Imperial Age
RankedLock teamsTeams togetherTeam positionsShared explorationLock speedFull tech treeHidden civsTurbo modeCheats
Victory
Defeat
🇲🇽 Sicilians · Mexico
866
+14
🇩🇪 Italians · Germany
824
-14
osmanaktas6858
2:48 Loom
10:46 Feudal Age
13:38 Double-Bit Axe
14:18 Horse Collar
28:31 Castle Age
29:40 Stone Mining
Deadpool865041
4:29 Loom
11:20 Feudal Age
18:49 Fletching
23:32 Scale Mail Armor
28:40 Castle Age
32:30 Forging
33:23 Bodkin Arrow
38:32 Chain Mail Armor
42:19 First Crusade
50:19 Imperial Age
48:51 Iron Casting
Connection lost

Rejoining the realm…

Still unreachable

The connection could not be restored.

Session expired

The server has moved on; the page needs a fresh start.